 Dungeon Crawl Stone Soup version 0.30.0-15-g856e2d3f33 (webtiles) character file.

Game seed: 878945835249953595

1526 Sobieck the Geomancer (level 8, -9/48 HPs)
             Began as a Gargoyle Earth Elementalist on May 18, 2023.
             Mangled by an orc warrior
             ... wielding a +0 battleaxe
              (12 damage)
             ... in a bailey.
             The game lasted 00:10:15 (6815 turns).

Sobieck the Geomancer (Gargoyle Earth Elementalist) Turns: 6815, Time: 00:10:15

Health: -9/48      AC: 11    Str: 11    XL:     8   Next: 85%
Magic:  2/14       EV: 12    Int: 19    God:
Gold:   383        SH:  0    Dex: 10    Spells: 11/15 levels left

rFire   . . .        u - +0 sling (drain)
rCold   + . .        (no shield)
rNeg    + . .        a - +0 robe
rPois   ∞            j - +0 helmet
rElec   +            R - +0 cloak
rCorr   .            o - +1 pair of gloves
SInv    .            (no boots)
Will    .....        (no amulet)
Stlth   ++           k - ring of protection from cold
HPRegen 0.28/turn    Y - +4 ring of slaying
MPRegen 0.14/turn

%: no passive effects
@: no status effects
A: sickness immunity, AC +5, negative energy resistance 1, electricity
resistance, torment resistance 1, petrification resistance
a: no special abilities


You were in a bailey.
You visited 2 branches of the dungeon, and saw 8 of its levels.
You also visited: Bailey.

You collected 383 gold pieces.


Innate Abilities, Weirdness & Mutations

You are immune to sickness and miasma.
Your stone body is resilient. (AC +5)
You are immune to poison.
You resist negative energy. (rN+)
You are resistant to electric shocks. (rElec)
You are resistant to unholy torment.
You are immune to petrification.


   Skills:
 + Level 4.4 Fighting
 + Level 3.8 Dodging
 - Level 2.1 Stealth
 + Level 4.3 Spellcasting
 - Level 0.7 Transmutations
 - Level 10.0 Earth Magic


You had 11 spell levels left.
You knew the following spells:

 Your Spells              Type           Power      Damage    Failure   Level
a - Sandblast             Erth           84%        2d18      1%          1
b - Stone Arrow           Conj/Erth      46%        3d9       4%          3

Your spell library contained the following spells:

 Spells                   Type           Power      Damage    Failure   Level
 Passwall                 Tmut/Erth      20%        N/A       2%          2
 Magic Dart               Conj           16%        1d3       13%         1
 Necrotise                Necr           16%        1d4       13%         1
 Petrify                  Tmut/Erth      24%        N/A       14%         4
 Leda's Liquefaction      Hex/Erth       11%        N/A       17%         4
 Call Imp                 Summ           8%         N/A       21%         2
 Searing Ray              Conj           8%         2d4       21%         2
 Call Canine Familiar     Summ           4%         N/A       36%         3
 Mephitic Cloud           Conj/Pois/Air  4%         N/A       36%         3
 Portal Projectile        Hex/Tloc       8%         N/A       36%         3
 Vampiric Draining        Necr           4%         2d6       36%         3
 Fulminant Prism          Conj/Hex       2%         3d5       78%         4
 Agony                    Necr           4%         N/A       98%         5

Inventory:

Hand Weapons
 h - a +2 short sword of speed {short}
   (You found it on level 6 of the Dungeon)
 l - a +0 dagger {short}
   (You took it off a goblin on level 1 of the Dungeon)
 n - a +0 club {mace}
   (You took it off a goblin on level 1 of the Dungeon)
 q - a +0 dagger {short}
   (You took it off a goblin on level 1 of the Dungeon)
 s - a +0 whip {mace}
   (You found it on level 1 of the Dungeon)
 t - a +0 dagger {short}
   (You took it off a goblin on level 1 of the Dungeon)
 u - a +0 sling of draining (weapon)
   (You found it on level 2 of the Dungeon)
 w - a +1 whip of venom {mace}
   (You took it off a gnoll on level 2 of the Dungeon)
Missiles
 g - 29 stones {throwing}
 p - 9 javelins {throwing}
 D - 15 boomerangs {throwing}
 U - 3 poisoned darts {throwing}
Armour
 a - a +0 robe (worn)
 c - a +0 scale mail
   (You found it on level 1 of the Dungeon)
 j - a +0 helmet (worn)
   (You found it on level 5 of the Dungeon)
 o - a +1 pair of gloves (worn)
   (You found it on level 1 of the Dungeon)
 v - a +0 leather armour
   (You found it on level 2 of the Dungeon)
 y - a +0 chain mail
   (You found it on level 2 of the Dungeon)
 A - a +0 ring mail
   (You took it off an orc on level 4 of the Dungeon)
 E - a +0 leather armour
   (You took it off an orc on level 4 of the Dungeon)
 G - a +0 leather armour
   (You took it off an orc on level 3 of the Dungeon)
 H - a +0 leather armour
   (You took it off an orc on level 3 of the Dungeon)
 I - a +0 robe
   (You took it off a gnoll on level 3 of the Dungeon)
 M - a +0 ring mail
   (You took it off an orc on level 5 of the Dungeon)
 O - a +0 scale mail
   (You took it off an orc on level 5 of the Dungeon)
 P - a +0 leather armour
   (You took it off an orc on level 5 of the Dungeon)
 Q - a +0 leather armour
   (You found it on level 5 of the Dungeon)
 R - a +0 cloak (worn)
   (You found it on level 6 of the Dungeon)
 V - a +0 scale mail
   (You found it on level 6 of the Dungeon)
 W - a +0 ring mail
   (You found it on level 6 of the Dungeon)
 X - a +0 robe
   (You took it off an orc wizard on level 6 of the Dungeon)
Jewellery
 k - a ring of protection from cold (left hand)
   (You found it on level 1 of the Dungeon)
 Y - a +4 ring of slaying (right hand)
   (You found it on level 6 of the Dungeon)
Wands
 F - a wand of polymorph (8)
   (You found it on level 4 of the Dungeon)
Scrolls
 e - a scroll of fog
 x - a scroll of amnesia {unknown}
 z - 3 scrolls of poison
 K - 2 scrolls of identify {@r1}
 L - 2 scrolls of fear {unknown}
 S - 2 scrolls of teleportation {unknown}
 T - a scroll of magic mapping {unknown}
Potions
 b - a potion of magic
 d - a potion of mutation {unknown}
 f - a potion of invisibility {unknown}
 i - 2 potions of flight
 m - 5 potions of curing {@q1}
 r - a potion of haste {unknown}
 B - 3 potions of heal wounds {@q2}
 C - a potion of berserk rage {!q}
 J - 2 potions of might {unknown}
 N - 2 potions of attraction {unknown}
 Z - a potion of degeneration {unknown}

Dungeon Overview and Level Annotations

Branches:
Dungeon (7/15) Zot: 26670  Temple (1/1) D:6 Zot: 5842  Bailey (1/1) Zot: 5888

Altars:
Cheibriados
Elyvilon
Fedhas
Gozag
Hepliaklqana
Kikubaaqudgha
Makhleb
Nemelex Xobeh
Okawaru
Qazlal
Ru
Sif Muna
Trog
Uskayaw
Wu Jian
Xom
Yredelemnul
Zin
The Shining One

Shops:
D:4 (   D:5 :

Annotations:
D:6 1 runed translucent door

#.........................#
##.....................).##
##...8...##g''##...8...##
##.....##.o...##.....##
##...##.......##...##
#####.........#####
≈≈≈....∩....≈≈≈≈
≈≈≈....o....≈≈≈≈
♣♣♣♣♣♣♣.@.♣♣♣♣♣♣♣ ♣♣♣♣♣


You could see 2 orc warriors and a hobgoblin.


Message History

The gnoll shouts!
The kobold throws a boomerang.
The boomerang hits you.
A kobold comes into view.
Unknown command.
The blast of sand hits the goblin!!
You kill the goblin!
The kobold shouts!
You hear a shout!
The kobold throws a boomerang.
The boomerang hits you.
The blast of sand misses the goblin.
The blast of sand hits the goblin!!
You kill the goblin!
Unknown command.
The blast of sand misses the gnoll.
The blast of sand hits the kobold!
You kill the kobold!
The blast of sand misses the gnoll.
The blast of sand hits the kobold!!
You kill the kobold!
The gnoll hits you with a +0 hand axe. The gnoll hits you but does no damage.
The blast of sand hits the gnoll.
The gnoll hits you with a +0 hand axe.
The blast of sand hits the gnoll!
You kill the gnoll!
Unknown command.
You start resting.
An orc warrior comes into view. It is wielding a +0 battleaxe.
Danger!
Unknown command.
Unknown command.
You can't see any susceptible monsters within range! (Use Z to cast anyway.) Unknown command.
Okay, then.
Unknown command.
You can't see any susceptible monsters within range! (Use Z to cast anyway.)
Casting: Sandblast (safe; 1% risk of failure)
Confirm with . or Enter, or press ? or * to list all spells.
Aiming: Stone Arrow (dangerous; 4% risk of failure)
Press: ? - help, Shift-Dir - straight line, f - you
Okay, then.
Unknown command.
You shoot a sling bullet.
The sling bullet barely misses the orc warrior.
The blast of sand hits the orc warrior but does no damage.
The blast of sand hits the orc warrior but does no damage.
The orc warrior hits you with a +0 battleaxe.
The blast of sand hits the orc warrior!
The orc warrior closely misses you.
The blast of sand hits the orc warrior.
The orc warrior hits you with a +0 battleaxe.
The orc warrior closely misses you.
An orc warrior comes into view. It is wielding a +0 hand axe.
You are too injured to fight recklessly!
You are too injured to fight recklessly!
Unknown command.
Casting: Sandblast (safe; 1% risk of failure)
Confirm with . or Enter, or press ? or * to list all spells.
Aiming: Sandblast (safe; 1% risk of failure)
Press: ? - help, Shift-Dir - straight line, f/p - orc warrior
Aim: an orc warrior, wielding a +0 battleaxe and wearing a +0 plate armour (heavily wounded, 85% to hit)
Okay, then.
Unknown command.
Casting: Sandblast (safe; 1% risk of failure)
Confirm with . or Enter, or press ? or * to list all spells.
Aiming: Stone Arrow (dangerous; 4% risk of failure)
Press: ? - help, Shift-Dir - straight line, f/p - orc warrior
Aim: an orc warrior, wielding a +0 battleaxe and wearing a +0 plate armour (heavily wounded, 71% to hit)
The stone arrow misses the orc warrior.
The orc warrior shouts!
The orc warrior closely misses you.
A hobgoblin comes into view. It is wielding a +0 hand axe.
Casting: Stone Arrow (dangerous; 4% risk of failure)
Confirm with . or Enter, or press ? or * to list all spells.
Aiming: Stone Arrow (dangerous; 4% risk of failure)
Press: ? - help, Shift-Dir - straight line, f/p - orc warrior
Aim: an orc warrior, wielding a +0 battleaxe and wearing a +0 plate armour (heavily wounded, 71% to hit)
The stone arrow hits the orc warrior but does no damage.
The orc warrior hits you with a +0 battleaxe!
Casting: Stone Arrow (dangerous; 4% risk of failure)
Confirm with . or Enter, or press ? or * to list all spells.
You don't have enough magic to cast this spell.
The orc warrior hits you but does no damage.
The orc warrior attacks as you move away!
The orc warrior hits you with a +0 battleaxe.
* * * LOW HITPOINT WARNING * * *
The orc warrior attacks as you move away!
The orc warrior hits you with a +0 battleaxe.
* * * LOW HITPOINT WARNING * * *
The orc warrior barely misses you.
There is an open gate here.
The orc warrior attacks as you move away!
The orc warrior hits you with a +0 battleaxe!
* * * LOW HITPOINT WARNING * * *
The orc warrior attacks as you move away!
The orc warrior completely misses you.
The orc warrior attacks as you move away!
The orc warrior barely misses you.
There is an empty arch of ancient stone here.
The orc warrior attacks as you move away!
The orc warrior hits you with a +0 battleaxe!
* * * LOW HITPOINT WARNING * * *
There is a gate leading back out of this place here.
Unknown command.
The orc warrior hits you with a +0 battleaxe!
You die...

Skill      XL: |  1  2  3  4  5  6  7  8 |
---------------+-------------------------+-----
Earth Magic    | 4 5 6 8 9 10 | 10.0
Fighting       | 2 4 |  4.4
Dodging        | 2 3 |  3.8
Spellcasting   | 3 4 |  4.3
Stealth        | |  2.1
Transmutations | |  0.7

Action                     |  1- 3 |  4- 6 |  7- 9 || total
---------------------------+-------+-------+-------++-------
   Fire: Sling             |    18 |    71 |    59 ||   148
   Cast: Sandblast         |    30 |    47 |    81 ||   158
         Stone Arrow       |       |       |     2 ||     2
    Use: Scroll            |       |    12 |       ||    12
         Potion            |       |       |     1 ||     1
 Armour: Robe              |     2 |    16 |    20 ||    38
  Dodge: Dodged            |     8 |    22 |    39 ||    69

Levels and vault maps discovered:
D:1:      dpeg_arrival_arbitrary_a, layout_basic
D:2:      layout_rooms, serial_bayou_lagoon_a
D:3:      layout_basic, hangedman_decor_push, bh_walls_and_bars
D:4:      layout_layer_cave, nicolae_overflow_two_pavilions,
          mainiacjoe_overflow_two_lobes, serial_shops,
          nicolae_shop_pleasant_corner_grove, kennysheep_generic_room_4
D:5:      layout_basic, serial_shops, nicolae_shop_getting_attention,
          uniq_menkaure
D:6:      layout_basic, mainiacjoe_overflow_paths, nicolae_uskayaw_suspiria,
          dk_yredelemnul_ordeal, minmay_temple_entry_gardened_gates
D:7:      layout_cave_pools, enter_bailey_5
Temple:   hellmonk_temple_forest_ring
Bailey:   bailey_axe_bossmonster_kennysheep, bailey

Notes
Turn   | Place    | Note
-------+----------+-------------------------------------------
     0 | D:1      | Sobieck the Gargoyle Earth Elementalist began the quest for
                  | the Orb.
     0 | D:1      | Reached XP level 1. HP: 10/10 MP: 3/3
   130 | D:1      | You pick up a book of the Hunter and begin reading...
   130 | D:1      | You add the spells Call Canine Familiar, Portal Projectile
                  | and Leda's Liquefaction to your library.
   184 | D:1      | Reached skill level 4 in Earth Magic
   212 | D:1      | Reached XP level 2. HP: 15/15 MP: 0/5
   909 | D:2      | Reached XP level 3. HP: 19/19 MP: 2/6
   916 | D:2      | Reached skill level 5 in Earth Magic
   925 | D:2      | Learned a level 3 spell: Stone Arrow
  1167 | D:2      | You pick up a book of Necromancy and begin reading...
  1167 | D:2      | You add the spells Necrotise, Vampiric Draining and Agony
                  | to your library.
  1180 | D:2      | Reached XP level 4. HP: 24/24 MP: 4/7
  1215 | D:2      | You pick up a book of Minor Magic and begin reading...
  1215 | D:2      | You add the spells Magic Dart, Call Imp and Mephitic Cloud
                  | to your library.
  1285 | D:2      | Reached skill level 6 in Earth Magic
  1858 | D:3      | Reached XP level 5. HP: 28/28 MP: 4/8
  2147 | D:3      | Reached skill level 7 in Earth Magic
  3136 | D:4      | Noticed an ogre
  3138 | D:4      | Noticed a centaur
  3139 | D:4      | Killed an ogre
  3140 | D:4      | Reached skill level 8 in Earth Magic
  3140 | D:4      | Reached XP level 6. HP: 16/32 MP: 7/9
  3417 | D:4      | Found a snail-covered altar of Cheibriados.
  3417 | D:4      | Found a hazy altar of Hepliaklqana.
  3702 | D:4      | Reached skill level 9 in Earth Magic
  3858 | D:4      | Found a glowing golden altar of the Shining One.
  3891 | D:4      | Found a glowing silver altar of Zin.
  4003 | D:4      | Found Afoigh's Weapon Boutique.
  4119 | D:4      | Reached XP level 7. HP: 36/36 MP: 8/10
  4280 | D:5      | Entered Level 5 of the Dungeon
  4325 | D:5      | Found Epush's Book Shoppe.
  4603 | D:5      | Reached skill level 10 in Earth Magic
  4687 | D:5      | Reached skill level 1 in Fighting
  4687 | D:5      | Reached skill level 2 in Dodging
  4977 | D:5      | Noticed Menkaure
  4982 | D:5      | Killed Menkaure
  4983 | D:5      | Reached skill level 2 in Fighting
  4983 | D:5      | Reached skill level 3 in Spellcasting
  4983 | D:5      | Reached XP level 8. HP: 36/45 MP: 8/12
  5445 | D:6      | Found a shimmering blue altar of Sif Muna.
  5510 | D:6      | Found a runed translucent door.
  5514 | D:6      | Found a basalt altar of Yredelemnul.
  5567 | D:6      | Found a hide-covered altar of Uskayaw.
  5579 | D:6      | Reached skill level 3 in Fighting
  5579 | D:6      | Reached skill level 3 in Dodging
  5651 | D:6      | Found a staircase to the Ecumenical Temple.
  5670 | Temple   | Entered the Ecumenical Temple
  6178 | D:6      | You pick up a book of Conjurations {@e2} and begin
                  | reading...
  6178 | D:6      | You add the spells Searing Ray and Fulminant Prism to your
                  | library.
  6559 | D:7      | Reached skill level 4 in Fighting
  6559 | D:7      | Reached skill level 4 in Spellcasting
  6704 | D:7      | Found a flagged portal.
  6716 | Bailey   | Entered a bailey
  6721 | Bailey   | Noticed an orc warlord
  6810 | Bailey   | HP: 10/48 [orc warrior/+0 battleaxe (14)]
  6814 | Bailey   | HP: 2/48 [orc warrior/+0 battleaxe (9)]
  6815 | Bailey   | Mangled by an orc warrior

Vanquished Creatures
  Menkaure (D:5)
  A sky beast (D:7)
  2 ogres
  A centaur (D:4)
  A phantom (D:5)
  3 scorpions
  4 killer bees
  A howler monkey (D:7)
  A hound (D:5)
  2 jellies
  An orc priest (D:7)
  A sleepcap (D:4)
  4 iguanas
  2 orc wizards
  7 gnolls
  11 adders
  2 shadow imps
  A white imp (D:7)
  2 worms
  18 orcs
  4 endoplasms
  A giant cockroach (D:3)
  16 goblins
  7 hobgoblins
  2 jackals (D:4)
  13 kobolds
  5 quokkas
  2 ball pythons
  3 bats
  2 frilled lizards
  A jackal zombie (D:6)
  2 rats
124 creatures vanquished.

Table legend:
 A = Non-vault XP
 B = Vault XP
 C = Vault XP percentage of total XP
 D = Non-vault monster count
 E = Vault monster count
 F = Vault count percentage of total count
                 A         B        C        D         E       F
            +---------+---------+-------+---------+---------+-------
      Total |    1952 |     228 |  10.5 |     104 |      20 |  16.1
            +---------+---------+-------+---------+---------+-------
        D:1 |      21 |       0 |   0.0 |      12 |       0 |   0.0
        D:2 |      90 |       0 |   0.0 |      15 |       0 |   0.0
        D:3 |      99 |       0 |   0.0 |      17 |       0 |   0.0
        D:4 |     423 |      13 |   3.0 |      22 |       1 |   4.3
        D:5 |     540 |     169 |  23.8 |      16 |       1 |   5.9
        D:6 |     433 |       1 |   0.2 |      12 |       1 |   7.7
        D:7 |     346 |       7 |   2.0 |      10 |       4 |  28.6
     Bailey |       0 |      38 | 100.0 |       0 |      13 | 100.0
            +---------+---------+-------+---------+---------+-------

Skill      XL: |  1  2  3  4  5  6  7  8 |
---------------+-------------------------+-----
Earth Magic    | 4 5 6 8 9 10 | 10.0
Fighting       | 2 4 |  4.4
Dodging        | 2 3 |  3.8
Spellcasting   | 3 4 |  4.3
Stealth        | |  2.1
Transmutations | |  0.7

Action                     |  1- 3 |  4- 6 |  7- 9 || total
---------------------------+-------+-------+-------++-------
   Fire: Sling             |    18 |    71 |    59 ||   148
   Cast: Sandblast         |    30 |    47 |    81 ||   158
         Stone Arrow       |       |       |     2 ||     2
    Use: Scroll            |       |    12 |       ||    12
         Potion            |       |       |     1 ||     1
 Armour: Robe              |     2 |    16 |    20 ||    38
  Dodge: Dodged            |     8 |    22 |    39 ||    69

Illustrated notes

Table legend:
 A = Kills in this place as a percentage of kills in the entire game.
 B = Kills by you in this place as a percentage of kills by you in the entire game.
 C = Kills by friends in this place as a percentage of kills by friends in the entire game.
 D = Other kills in this place as a percentage of other kills in the entire game.
 E = Experience gained in this place as a percentage of experience gained in the entire game.
 F = Experience gained in this place divided by the number of levels of this place that you have seen.
                   A       B       C       D       E      F
               +-------+-------+-------+-------+-------+----------------------
         Total | 100.0 | 100.0 |   N/A |   N/A | 100.0 | 242.2
       Dungeon |  89.5 |  89.5 |   N/A |   N/A |  98.3 | 306.0
        Bailey |  10.5 |  10.5 |   N/A |   N/A |   1.7 |  38.0
               +-------+-------+-------+-------+-------+----------------------

Table legend: (Time is in decaauts)
 A = Elapsed time spent in this place.
 B = Non-inter-level travel time spent in this place.
 C = Inter-level travel time spent in this place.
 D = Time resting spent in this place.
 E = Time spent auto-exploring this place.
 F = Levels seen in this place.
 G = Mean time per level.
                   A        B        C        D        E       F      G
               +--------+--------+--------+--------+--------+-----+--------+
         Total |   6968 |   6723 |    245 |    168 |   5781 |   9 |  774.2 |
       Dungeon |   6700 |   6466 |    234 |    153 |   5624 |   7 |  957.1 |
        Temple |    157 |    146 |     11 |      0 |    137 |   1 |  157.0 |
        Bailey |    110 |    110 |      0 |     15 |     20 |   1 |  110.0 |
               +--------+--------+--------+--------+--------+-----+--------+

Top non-repeatable levels by time:
     D:4: 1524 daAuts
     D:3: 1272 daAuts
     D:5: 1108 daAuts
     D:6: 956 daAuts
     D:1: 794 daAuts
     D:2: 777 daAuts
     D:7: 265 daAuts
  Temple: 157 daAuts
  Bailey: 110 daAuts
